Islanders vs Predators

Created - 7 mars 2021 at 20:37

Goals
1 2 3 T
Islanders 0 0 1 1
Predators 2 0 2 4
Shots
1 2 3 T
Islanders 3 5 14 22
Predators 20 6 6 32

1st period

1. Predators , J.T. Compher 11 (Roman Josi 46, Thomas Chabot 26) at 10:14
2. Predators , Steven Stamkos 12 (Oscar Klefbom 29) at 17:43

Penalties :
Joe Pavelski (NYI) for Hooking (Minor) at 0:08, Andrei Svechnikov (NYI) for Cross-checking (Minor) at 14:07, Oliver Ekman-Larsson (NSH) for Holding (Minor) at 14:23

2nd period

No Goal

Penalties :
Bo Horvat (NSH) for Fighting (Major) at 12:21, Jordan Greenway (NYI) for Fighting (Major) at 12:21, Bo Horvat (NSH) for instigated a fight (Game Misconduct) at 12:21, Nikita Zadorov (NSH) for Tripping (Minor) at 19:51

3rd period

3. Predators , Kyle Connor 21 (Colton Sissons 21) at 7:14
4. Predators , J.T. Miller 28 (Roman Josi 47) at 14:46 (SH)
5. Islanders , Joe Pavelski 13 (Travis Dermott 5, Elias Pettersson 25) at 18:23

Penalties :
Steven Stamkos (NSH) for Hooking (Minor) at 2:18, Timo Meier (NYI) for Hooking (Minor) at 3:03, J.T. Compher (NSH) for Elbowing (Minor) at 13:38, Richard Panik (NYI) for Hooking (Minor) at 15:51

Goalie Stats

Igor Shesterkin (NYI), 28 saves from 32 shots - (0,875), L, 2-9-1, 60:00 minutes
Jonathan Bernier (NSH), 21 saves from 22 shots - (0,955), W, 9-4-2, 60:00 minutes

Players Stats for Islanders

Player Name              G  A  P  +/- PIM S  H  SB GA TA FO     MP     PP MP  PK MP  
------------------------------------------------------------------------------------
Andrei Svechnikov        0  0  0  -2  2   4  1  1  0  0  1/1    17:24   3:54   0:00 
Anthony Cirelli          0  0  0  -2  0   1  0  0  0  0  11/23  22:59   3:38   2:31 
Anthony DeAngelo         0  0  0  -3  0   0  1  2  0  0  0/0    20:41   2:07   1:54 
Ben Chiarot              0  0  0  -3  0   0  2  2  0  0  0/0    21:11   2:26   2:05 
Brad Richardson          0  0  0  -1  0   1  0  0  0  0  7/13   14:22   0:00   0:00 
Brock Boeser             0  0  0  -2  0   4  1  0  0  0  2/2    17:25   3:54   0:00 
Colton Sceviour          0  0  0  -1  0   0  0  0  0  0  0/1    16:10   0:00   1:48 
Dennis Cholowski         0  0  0   0  0   0  0  0  0  0  0/0    12:41   0:00   0:11 
Elias Pettersson         0  1  1   0  0   3  2  0  0  0  12/37  24:22   2:31   2:36 
Joe Pavelski             1  0  1   0  2   3  1  0  0  0  3/4    20:26   3:04   0:32 
Jordan Greenway          0  0  0   0  5   0  0  0  0  0  0/0     1:05   0:00   0:00 
Neal Pionk               0  0  0   0  0   2  3  6  0  0  0/0    26:02   4:15   2:54 
Nick Holden              0  0  0   0  0   0  0  0  0  0  0/0    13:23   0:53   0:00 
Nikita Gusev             0  0  0   0  0   0  0  0  0  0  0/0     2:40   0:49   1:11 
Richard Panik            0  0  0  -1  2   1  0  0  0  0  0/0    14:21   0:00   0:00 
Timo Meier               0  0  0   0  2   2  6  0  0  0  0/0    20:45   3:03   1:20 
Travis Dermott           0  1  1   1  0   0  0  2  0  0  0/0     2:56   0:00   0:00 
Tyler Myers              0  0  0  -1  0   1  0  0  0  0  0/0    23:06   4:15   2:54 

Players Stats for Predators

Player Name              G  A  P  +/- PIM S  H  SB GA TA FO     MP     PP MP  PK MP  
------------------------------------------------------------------------------------
Alex Tuch                0  0  0   1  0   0  1  0  0  0  0/0    10:17   0:00   0:23 
Alexander Kerfoot        0  0  0   1  0   1  0  0  0  0  0/2    14:31   0:40   4:02 
Bo Horvat                0  0  0   1  17  2  0  0  0  0  11/15  11:45   1:05   0:00 
Brendan Smith            0  0  0   0  0   0  0  1  0  0  0/0     9:53   0:00   3:26 
Colton Sissons           0  1  1   1  0   2  0  0  0  0  12/22  15:51   0:55   4:23 
Darnell Nurse            0  0  0   0  0   1  1  1  0  0  0/0    16:03   0:00   3:32 
Evgeny Kuznetsov         0  0  0   0  0   3  1  0  0  0  11/22  21:07   2:19   2:33 
J.T. Compher             1  0  1   1  2   2  0  1  0  0  7/13   13:11   2:24   1:32 
J.T. Miller              1  0  1   1  0   3  2  0  0  0  1/1    19:09   2:35   1:03 
Kyle Connor              1  0  1   2  0   6  1  0  0  0  0/1    19:33   2:24   0:00 
Max Pacioretty           0  0  0   0  0   1  1  0  0  0  1/2    14:09   0:00   0:00 
Nikita Zadorov           0  0  0   0  2   0  1  0  0  0  0/0    14:24   0:00   0:30 
Oliver Ekman-Larsson     0  0  0   1  2   1  2  0  0  0  0/0    21:15   2:34   3:16 
Oscar Klefbom            0  1  1   1  0   3  1  1  0  0  0/0    19:19   2:24   0:00 
Roman Josi               0  2  2   2  0   2  1  3  0  0  0/0    24:24   2:35   3:12 
Steven Stamkos           1  0  1   2  2   5  1  0  0  0  2/2    18:01   2:35   0:00 
Thomas Chabot            0  1  1   1  0   0  2  1  0  0  0/0    20:54   2:24   0:00 
Tyler Pitlick            0  0  0  -1  0   0  2  0  0  0  0/1     6:14   0:00   0:00 

3 Stars

1 - Roman Josi (NSH)
2 - Kyle Connor (NSH)
3 - J.T. Miller (NSH)

Power Play

Islanders - 0 on 5 Attempt(s) - 0,00%
Predators - 0 on 4 Attempt(s) - 0,00%

Penalty Kill

Islanders - 4 on 4 Attempt(s) - 100,00% - Score 0 goal in Penalty Kill
Predators - 5 on 5 Attempt(s) - 100,00% - Score 1 goal in Penalty Kill

Team Stat

Islanders - Hits : 17 - Faceoff Wins : 36 - Blocked Shots : 13 - Penalty Minutes : 13
Predators - Hits : 17 - Faceoff Wins : 45 - Blocked Shots : 8 - Penalty Minutes : 25

Official

Referees : Conor O'Donnell and Sean MacFarlane
Linesman : Brent Hooks and Stephen Drain

Game Notes

Bo Horvat beats up Jordan Greenway at 12:21 of 2nd period
Bo Horvat ejected from game at 12:21 of 2nd period

Finance

Level 1 -- Attendance: 4245 (65,31%) -- Ticket Income 636 750 $
Level 2 -- Attendance: 2961 (59,22%) -- Ticket Income 370 125 $
Level 3 -- Attendance: 2102 (60,06%) -- Ticket Income 210 200 $
Level 4 -- Attendance: 1113 (100,00%) -- Ticket Income 83 475 $
Luxury Box -- Attendance: 690 (69,00%) -- Ticket Income 207 000 $
Game was played at the Bridgestone Arena.
Total Attendance: 11111 (64,93%)
Total Ticket Income: 1 507 550 $
Other Income: 738 700 $
Total Income: 2 246 250 $

% Time on Ice - Islanders

Lines # - Real PCT - Wanted PCT - Time Play
Normal Forward
1 - 35% - 40% - 15:56
2 - 30% - 30% - 13:31
3 - 32% - 20% - 14:22
4 - 3% - 10% - 1:17
Normal Defense
1 - 32% - 40% - 14:14
2 - 34% - 30% - 15:26
3 - 28% - 20% - 12:30
4 - 7% - 10% - 2:56
PP Forward
1 - 44% - 60% - 3:04
2 - 56% - 40% - 3:54
PP Defense
1 - 61% - 60% - 4:15
2 - 39% - 40% - 2:43
PK Forward
1 - 72% - 60% - 3:36
2 - 28% - 40% - 1:23
PK Defense
1 - 58% - 60% - 2:54
2 - 42% - 40% - 2:05
PK3 Forward
1 - 0% - 60%
2 - 0% - 40%
PK3 Defense
1 - 0% - 60%
2 - 0% - 40%
44 Forward
1 - 69% - 60% - 2:02
2 - 31% - 40% - 0:55
44 Defense
1 - 58% - 60% - 1:43
2 - 42% - 40% - 1:14
Last Minute Offensive  - 0:00
Last Minute Defensive  - 0:00
Total
Forward - 60:00
Defense - 60:00

% Time on Ice - Predators

Lines # - Real PCT - Wanted PCT - Time Play
Normal Forward
1 - 34% - 35% - 15:10
2 - 31% - 35% - 14:09
3 - 21% - 23% - 9:33
4 - 14% - 7% - 6:14
Normal Defense
1 - 38% - 39% - 17:00
2 - 34% - 34% - 15:25
3 - 28% - 26% - 12:31
4 - 0% - 1% - 0:10
PP Forward
1 - 52% - 60% - 2:35
2 - 48% - 40% - 2:24
PP Defense
1 - 52% - 60% - 2:35
2 - 48% - 40% - 2:24
PK Forward
1 - 72% - 60% - 5:01
2 - 28% - 40% - 1:57
PK Defense
1 - 49% - 60% - 3:26
2 - 51% - 40% - 3:32
PK3 Forward
1 - 0% - 60%
2 - 0% - 40%
PK3 Defense
1 - 0% - 60%
2 - 0% - 40%
44 Forward
1 - 79% - 60% - 2:20
2 - 21% - 40% - 0:37
44 Defense
1 - 49% - 60% - 1:27
2 - 51% - 40% - 1:30
Last Minute Offensive  - 0:00
Last Minute Defensive  - 0:00
Total
Forward - 60:00
Defense - 60:00

Play-by-Play

1st period


0:01 of 1st period - Elias Pettersson wins face-off versus Bo Horvat in neutral zone.
0:08 of 1st period - Minor Penalty to Joe Pavelski for Hooking.
0:09 of 1st period - Bo Horvat wins face-off versus Elias Pettersson in Islanders zone.
0:09 of 1st period - Bo Horvat is hit by Neal Pionk.
0:53 of 1st period - Shot by Roman Josi.
0:53 of 1st period - Stopped by Igor Shesterkin with a rebound.
1:03 of 1st period - Shot by Kyle Connor.
1:03 of 1st period - Stopped by Igor Shesterkin with a rebound.
1:05 of 1st period - Shot by Kyle Connor.
1:05 of 1st period - Shot Blocked by Neal Pionk.
1:07 of 1st period - Shot by J.T. Compher.
1:07 of 1st period - Deflect By Kyle Connor.
1:07 of 1st period - Stopped by Igor Shesterkin without a rebound.
1:08 of 1st period - Evgeny Kuznetsov wins face-off versus Colton Sceviour in Islanders zone.
1:52 of 1st period - Icing by Thomas Chabot.
1:53 of 1st period - Evgeny Kuznetsov wins face-off versus Elias Pettersson in Predators zone.
1:53 of 1st period - Evgeny Kuznetsov is hit by Elias Pettersson.
2:20 of 1st period - Off-side.
2:21 of 1st period - Anthony Cirelli wins face-off versus Colton Sissons in neutral zone.
2:30 of 1st period - Shot by Colton Sissons.
2:30 of 1st period - Stopped by Igor Shesterkin without a rebound.
2:31 of 1st period - Bo Horvat wins face-off versus Elias Pettersson in Islanders zone.
2:32 of 1st period - Shot by Steven Stamkos.
2:32 of 1st period - Stopped by Igor Shesterkin without a rebound.
2:33 of 1st period - Colton Sissons wins face-off versus Elias Pettersson in Islanders zone.
3:43 of 1st period - Oliver Ekman-Larsson is hit by Timo Meier and loses puck.
3:56 of 1st period - Shot by J.T. Miller.
3:56 of 1st period - Stopped by Igor Shesterkin with a rebound.
3:58 of 1st period - Shot by Oscar Klefbom.
3:58 of 1st period - Stopped by Igor Shesterkin without a rebound.
3:59 of 1st period - Brad Richardson wins face-off versus Bo Horvat in Islanders zone.
4:34 of 1st period - Shot by Kyle Connor.
4:34 of 1st period - Shot Misses the Net.
5:16 of 1st period - Shot by Brock Boeser.
5:16 of 1st period - Deflect By Andrei Svechnikov.
5:16 of 1st period - Shot Misses the Net.
5:19 of 1st period - Icing by Roman Josi.
5:20 of 1st period - J.T. Compher wins face-off versus Elias Pettersson in Predators zone.
5:27 of 1st period - Jordan Greenway is hit by Alex Tuch and loses puck.
7:08 of 1st period - Shot by Bo Horvat.
7:08 of 1st period - Stopped by Igor Shesterkin without a rebound.
7:09 of 1st period - Elias Pettersson wins face-off versus Colton Sissons in Islanders zone.
7:58 of 1st period - Icing by Neal Pionk.
7:59 of 1st period - Elias Pettersson wins face-off versus Evgeny Kuznetsov in Islanders zone.
8:01 of 1st period - Icing by Joe Pavelski.
8:02 of 1st period - Evgeny Kuznetsov wins face-off versus Elias Pettersson in Islanders zone.
8:39 of 1st period - Shot by Max Pacioretty.
8:39 of 1st period - Shot Blocked by Neal Pionk.
8:41 of 1st period - Shot by Oscar Klefbom.
8:41 of 1st period - Shot Misses the Net.
8:43 of 1st period - Shot by Oscar Klefbom.
8:43 of 1st period - Stopped by Igor Shesterkin with a rebound.
9:02 of 1st period - Icing by Nikita Zadorov.
9:03 of 1st period - Bo Horvat wins face-off versus Anthony Cirelli in Predators zone.
10:14 of 1st period - Shot by J.T. Compher.
10:14 of 1st period - Goal by J.T. Compher - Islanders : 0 - Predators : 1.
10:15 of 1st period - Evgeny Kuznetsov wins face-off versus Brad Richardson in neutral zone.
10:20 of 1st period - Shot by Evgeny Kuznetsov.
10:20 of 1st period - Deflect By J.T. Miller.
10:20 of 1st period - Shot Misses the Net.
10:47 of 1st period - Shot by Oscar Klefbom.
10:47 of 1st period - Shot Misses the Net.
10:49 of 1st period - Shot by Oscar Klefbom.
10:49 of 1st period - Shot Misses the Net.
10:57 of 1st period - Shot by Max Pacioretty.
10:57 of 1st period - Shot Blocked by Anthony DeAngelo.
11:29 of 1st period - Shot by Brock Boeser.
11:29 of 1st period - Shot Misses the Net.
11:31 of 1st period - Shot by Neal Pionk.
11:31 of 1st period - Shot Misses the Net.
11:33 of 1st period - Shot by Brock Boeser.
11:33 of 1st period - Stopped by Jonathan Bernier without a rebound.
11:34 of 1st period - Bo Horvat wins face-off versus Elias Pettersson in Predators zone.
11:47 of 1st period - Shot by Kyle Connor.
11:47 of 1st period - Stopped by Igor Shesterkin with a rebound.
11:49 of 1st period - Shot by Bo Horvat.
11:49 of 1st period - Stopped by Igor Shesterkin without a rebound.
11:50 of 1st period - Colton Sissons wins face-off versus Anthony Cirelli in Islanders zone.
12:55 of 1st period - Shot by Steven Stamkos.
12:55 of 1st period - Stopped by Igor Shesterkin with a rebound.
12:57 of 1st period - Shot by Bo Horvat.
12:57 of 1st period - Shot Misses the Net.
12:59 of 1st period - Shot by Oliver Ekman-Larsson.
12:59 of 1st period - Shot Misses the Net.
13:01 of 1st period - Shot by Kyle Connor.
13:01 of 1st period - Stopped by Igor Shesterkin without a rebound.
13:02 of 1st period - Max Pacioretty wins face-off versus Brad Richardson in Islanders zone.
13:42 of 1st period - Off-side.
13:43 of 1st period - Bo Horvat wins face-off versus Elias Pettersson in neutral zone.
13:46 of 1st period - Joe Pavelski is hit by Steven Stamkos and loses puck.
13:57 of 1st period - Shot by Joe Pavelski.
13:57 of 1st period - Shot Misses the Net.
14:05 of 1st period - Shot by Elias Pettersson.
14:05 of 1st period - Deflect By Joe Pavelski.
14:05 of 1st period - Stopped by Jonathan Bernier without a rebound.
14:06 of 1st period - J.T. Compher wins face-off versus Anthony Cirelli in Predators zone.
14:06 of 1st period - J.T. Compher is hit by Brock Boeser.
14:07 of 1st period - Minor Penalty to Andrei Svechnikov for Cross-checking.
14:08 of 1st period - Bo Horvat wins face-off versus Elias Pettersson in Islanders zone.
14:11 of 1st period - Shot by Oliver Ekman-Larsson.
14:11 of 1st period - Shot Blocked by Neal Pionk.
14:13 of 1st period - Shot by Oliver Ekman-Larsson.
14:13 of 1st period - Stopped by Igor Shesterkin without a rebound.
14:14 of 1st period - Elias Pettersson wins face-off versus Bo Horvat in Islanders zone.
14:14 of 1st period - Elias Pettersson is hit by J.T. Miller.
14:23 of 1st period - Minor Penalty to Oliver Ekman-Larsson for Holding.
14:24 of 1st period - Bo Horvat wins face-off versus Elias Pettersson in Predators zone.
14:36 of 1st period - Shot by Elias Pettersson.
14:36 of 1st period - Shot Misses the Net.
14:52 of 1st period - Shot by Anthony Cirelli.
14:52 of 1st period - Deflect By Elias Pettersson.
14:52 of 1st period - Shot Blocked by Roman Josi.
14:54 of 1st period - Shot by Tyler Myers.
14:54 of 1st period - Shot Blocked by Roman Josi.
15:21 of 1st period - Off-side.
15:22 of 1st period - Evgeny Kuznetsov wins face-off versus Elias Pettersson in neutral zone.
15:29 of 1st period - Shot by J.T. Miller.
15:29 of 1st period - Shot Blocked by Ben Chiarot.
15:53 of 1st period - Shot by Evgeny Kuznetsov.
15:53 of 1st period - Stopped by Igor Shesterkin without a rebound.
15:54 of 1st period - Joe Pavelski wins face-off versus Bo Horvat in Islanders zone.
16:35 of 1st period - Shot by Colton Sceviour.
16:35 of 1st period - Shot Misses the Net.
16:37 of 1st period - Shot by Colton Sceviour.
16:37 of 1st period - Shot Misses the Net.
16:39 of 1st period - Shot by Colton Sceviour.
16:39 of 1st period - Deflect By Richard Panik.
16:39 of 1st period - Stopped by Jonathan Bernier without a rebound.
16:40 of 1st period - Anthony Cirelli wins face-off versus Evgeny Kuznetsov in Predators zone.
16:40 of 1st period - Anthony DeAngelo is hit by Thomas Chabot and loses puck.
16:59 of 1st period - Shot by Brock Boeser.
16:59 of 1st period - Shot Blocked by Thomas Chabot.
17:43 of 1st period - Shot by Steven Stamkos.
17:43 of 1st period - Goal by Steven Stamkos - Islanders : 0 - Predators : 2.
17:44 of 1st period - J.T. Compher wins face-off versus Elias Pettersson in neutral zone.
17:59 of 1st period - Shot by J.T. Compher.
17:59 of 1st period - Stopped by Igor Shesterkin without a rebound.
18:00 of 1st period - Bo Horvat wins face-off versus Brad Richardson in Islanders zone.
18:37 of 1st period - Colton Sceviour is hit by Oliver Ekman-Larsson and loses puck.
19:08 of 1st period - Shot by Max Pacioretty.
19:08 of 1st period - Stopped by Igor Shesterkin without a rebound.
19:09 of 1st period - Anthony Cirelli wins face-off versus J.T. Compher in Islanders zone.
19:22 of 1st period - Shot by Alexander Kerfoot.
19:22 of 1st period - Deflect By J.T. Compher.
19:22 of 1st period - Shot Blocked by Ben Chiarot.
19:24 of 1st period - Shot by Alexander Kerfoot.
19:24 of 1st period - Stopped by Igor Shesterkin without a rebound.
19:25 of 1st period - Evgeny Kuznetsov wins face-off versus Joe Pavelski in Islanders zone.
Goals for this period are 0 for Islanders vs 2 for Predators.
Shots for this period are 3 for Islanders vs 20 for Predators.

2nd period


0:01 of 2nd period - Bo Horvat wins face-off versus Elias Pettersson in neutral zone.
0:11 of 2nd period - Steven Stamkos is hit by Timo Meier.
1:06 of 2nd period - Shot by Oscar Klefbom.
1:06 of 2nd period - Stopped by Igor Shesterkin without a rebound.
1:07 of 2nd period - Anthony Cirelli wins face-off versus Evgeny Kuznetsov in Islanders zone.
1:07 of 2nd period - Anthony Cirelli is hit by Max Pacioretty.
1:10 of 2nd period - Icing by Andrei Svechnikov.
1:11 of 2nd period - Anthony Cirelli wins face-off versus Evgeny Kuznetsov in Islanders zone.
1:24 of 2nd period - J.T. Miller is hit by Ben Chiarot and loses puck.
1:33 of 2nd period - Oscar Klefbom is hit by Andrei Svechnikov.
1:44 of 2nd period - Brock Boeser is hit by Oscar Klefbom and loses puck.
2:56 of 2nd period - Shot by Elias Pettersson.
2:56 of 2nd period - Shot Misses the Net.
3:02 of 2nd period - Shot by Timo Meier.
3:02 of 2nd period - Deflect By Elias Pettersson.
3:02 of 2nd period - Stopped by Jonathan Bernier with a rebound.
3:04 of 2nd period - Shot by Neal Pionk.
3:04 of 2nd period - Shot Misses the Net.
3:06 of 2nd period - Shot by Neal Pionk.
3:06 of 2nd period - Stopped by Jonathan Bernier without a rebound.
3:07 of 2nd period - Bo Horvat wins face-off versus Anthony Cirelli in Predators zone.
3:55 of 2nd period - Off-side.
3:56 of 2nd period - J.T. Compher wins face-off versus Elias Pettersson in neutral zone.
4:50 of 2nd period - Icing by Nick Holden.
4:51 of 2nd period - Elias Pettersson wins face-off versus Colton Sissons in Islanders zone.
6:02 of 2nd period - Shot by Steven Stamkos.
6:02 of 2nd period - Stopped by Igor Shesterkin with a rebound.
6:37 of 2nd period - Off-side.
6:38 of 2nd period - Brad Richardson wins face-off versus Evgeny Kuznetsov in neutral zone.
7:13 of 2nd period - Icing by Roman Josi.
7:14 of 2nd period - Evgeny Kuznetsov wins face-off versus Anthony Cirelli in Predators zone.
7:48 of 2nd period - Shot by Brock Boeser.
7:48 of 2nd period - Stopped by Jonathan Bernier with a rebound.
8:56 of 2nd period - Off-side.
8:57 of 2nd period - J.T. Compher wins face-off versus Anthony Cirelli in neutral zone.
9:08 of 2nd period - Shot by J.T. Compher.
9:08 of 2nd period - Shot Blocked by Neal Pionk.
9:12 of 2nd period - Shot by Alex Tuch.
9:12 of 2nd period - Shot Blocked by Travis Dermott.
9:14 of 2nd period - Shot by Alex Tuch.
9:14 of 2nd period - Shot Misses the Net.
9:16 of 2nd period - Shot by J.T. Compher.
9:16 of 2nd period - Deflect By Alex Tuch.
9:16 of 2nd period - Shot Blocked by Neal Pionk.
9:18 of 2nd period - Shot by Darnell Nurse.
9:18 of 2nd period - Shot Blocked by Andrei Svechnikov.
9:20 of 2nd period - Shot by J.T. Compher.
9:20 of 2nd period - Shot Blocked by Travis Dermott.
9:22 of 2nd period - Shot by J.T. Compher.
9:22 of 2nd period - Shot Misses the Net.
9:24 of 2nd period - Shot by Darnell Nurse.
9:24 of 2nd period - Stopped by Igor Shesterkin without a rebound.
9:25 of 2nd period - Elias Pettersson wins face-off versus Tyler Pitlick in Islanders zone.
9:48 of 2nd period - Shot by Brendan Smith.
9:48 of 2nd period - Shot Misses the Net.
10:13 of 2nd period - Off-side.
10:14 of 2nd period - Bo Horvat wins face-off versus Anthony Cirelli in neutral zone.
10:23 of 2nd period - Shot by Kyle Connor.
10:23 of 2nd period - Shot Misses the Net.
10:25 of 2nd period - Shot by Roman Josi.
10:25 of 2nd period - Stopped by Igor Shesterkin without a rebound.
10:26 of 2nd period - J.T. Compher wins face-off versus Brad Richardson in Islanders zone.
10:55 of 2nd period - Shot by Brad Richardson.
10:55 of 2nd period - Shot Hit the Post.
11:33 of 2nd period - Shot by Bo Horvat.
11:33 of 2nd period - Shot Misses the Net.
12:21 of 2nd period - Bo Horvat beats up Jordan Greenway.
12:21 of 2nd period - Penalty to Bo Horvat for Fighting.
12:21 of 2nd period - Penalty to Jordan Greenway for Fighting.
12:21 of 2nd period - Penalty to Bo Horvat for instigated a fight.
12:21 of 2nd period - Bo Horvat is ejected from game.
12:22 of 2nd period - Colton Sissons wins face-off versus Elias Pettersson in Predators zone.
13:44 of 2nd period - Brendan Smith is hit by Timo Meier and loses puck.
14:29 of 2nd period - Shot by J.T. Miller.
14:29 of 2nd period - Shot Misses the Net.
14:40 of 2nd period - Icing by Oscar Klefbom.
14:41 of 2nd period - Steven Stamkos wins face-off versus Elias Pettersson in Predators zone.
14:51 of 2nd period - Shot by Kyle Connor.
14:51 of 2nd period - Deflect By Steven Stamkos.
14:51 of 2nd period - Stopped by Igor Shesterkin without a rebound.
14:52 of 2nd period - Elias Pettersson wins face-off versus J.T. Compher in Islanders zone.
15:01 of 2nd period - Off-side.
15:02 of 2nd period - Anthony Cirelli wins face-off versus Colton Sissons in neutral zone.
15:02 of 2nd period - Andrei Svechnikov is hit by Tyler Pitlick and loses puck.
15:37 of 2nd period - Anthony DeAngelo is hit by Tyler Pitlick and loses puck.
16:13 of 2nd period - Icing by Thomas Chabot.
16:14 of 2nd period - Evgeny Kuznetsov wins face-off versus Elias Pettersson in Predators zone.
16:22 of 2nd period - Icing by Thomas Chabot.
16:23 of 2nd period - Elias Pettersson wins face-off versus Evgeny Kuznetsov in Predators zone.
17:01 of 2nd period - Shot by Joe Pavelski.
17:01 of 2nd period - Stopped by Jonathan Bernier without a rebound.
17:02 of 2nd period - Brad Richardson wins face-off versus Colton Sissons in Predators zone.
17:06 of 2nd period - Colton Sceviour is hit by Darnell Nurse and loses puck.
17:35 of 2nd period - Brad Richardson is hit by Nikita Zadorov.
18:26 of 2nd period - Shot by Andrei Svechnikov.
18:26 of 2nd period - Stopped by Jonathan Bernier without a rebound.
18:27 of 2nd period - Evgeny Kuznetsov wins face-off versus Elias Pettersson in Predators zone.
19:00 of 2nd period - Elias Pettersson is hit by Thomas Chabot and loses puck.
19:23 of 2nd period - Shot by Kyle Connor.
19:23 of 2nd period - Stopped by Igor Shesterkin without a rebound.
19:24 of 2nd period - Colton Sissons wins face-off versus Anthony Cirelli in Islanders zone.
19:34 of 2nd period - Off-side.
19:35 of 2nd period - J.T. Compher wins face-off versus Brad Richardson in neutral zone.
19:37 of 2nd period - Darnell Nurse is hit by Neal Pionk and loses puck.
19:51 of 2nd period - Minor Penalty to Nikita Zadorov for Tripping.
19:52 of 2nd period - Colton Sissons wins face-off versus Anthony Cirelli in Predators zone.
Goals for this period are 0 for Islanders vs 0 for Predators.
Shots for this period are 5 for Islanders vs 6 for Predators.

3rd period


0:01 of 3rd period - Colton Sissons wins face-off versus Elias Pettersson in neutral zone.
1:12 of 3rd period - Shot by Andrei Svechnikov.
1:12 of 3rd period - Shot Blocked by Brendan Smith.
1:14 of 3rd period - Shot by Ben Chiarot.
1:14 of 3rd period - Shot Blocked by J.T. Compher.
1:16 of 3rd period - Shot by Anthony DeAngelo.
1:16 of 3rd period - Deflect By Brock Boeser.
1:16 of 3rd period - Shot Blocked by Roman Josi.
1:18 of 3rd period - Shot by Anthony Cirelli.
1:18 of 3rd period - Stopped by Jonathan Bernier without a rebound.
1:19 of 3rd period - Anthony Cirelli wins face-off versus J.T. Compher in Predators zone.
2:00 of 3rd period - Colton Sceviour is hit by Kyle Connor and loses puck.
2:18 of 3rd period - Minor Penalty to Steven Stamkos for Hooking.
2:19 of 3rd period - Colton Sissons wins face-off versus Elias Pettersson in Predators zone.
2:19 of 3rd period - Colton Sissons is hit by Timo Meier.
2:37 of 3rd period - Shot by Timo Meier.
2:37 of 3rd period - Shot Misses the Net.
2:43 of 3rd period - Shot by Tyler Myers.
2:43 of 3rd period - Shot Misses the Net.
2:47 of 3rd period - Shot by Timo Meier.
2:47 of 3rd period - Stopped by Jonathan Bernier without a rebound.
2:48 of 3rd period - Anthony Cirelli wins face-off versus Colton Sissons in Predators zone.
3:01 of 3rd period - Shot by Brock Boeser.
3:01 of 3rd period - Stopped by Jonathan Bernier without a rebound.
3:02 of 3rd period - Colton Sissons wins face-off versus Elias Pettersson in Predators zone.
3:02 of 3rd period - Colton Sissons is hit by Timo Meier.
3:03 of 3rd period - Minor Penalty to Timo Meier for Hooking.
3:04 of 3rd period - Elias Pettersson wins face-off versus Evgeny Kuznetsov in Islanders zone.
3:20 of 3rd period - Shot by Elias Pettersson.
3:20 of 3rd period - Shot Misses the Net.
3:44 of 3rd period - Shot by Anthony Cirelli.
3:44 of 3rd period - Deflect By Elias Pettersson.
3:44 of 3rd period - Shot Blocked by Oscar Klefbom.
4:49 of 3rd period - Shot by Steven Stamkos.
4:49 of 3rd period - Deflect By J.T. Miller.
4:49 of 3rd period - Stopped by Igor Shesterkin with a rebound.
4:51 of 3rd period - Shot by Oliver Ekman-Larsson.
4:51 of 3rd period - Shot Blocked by Neal Pionk.
5:23 of 3rd period - Shot by Andrei Svechnikov.
5:23 of 3rd period - Stopped by Jonathan Bernier with a rebound.
5:26 of 3rd period - Icing by Darnell Nurse.
5:27 of 3rd period - Colton Sissons wins face-off versus Elias Pettersson in Predators zone.
5:41 of 3rd period - Tyler Pitlick is hit by Timo Meier and loses puck.
6:02 of 3rd period - Shot by Elias Pettersson.
6:02 of 3rd period - Stopped by Jonathan Bernier without a rebound.
6:03 of 3rd period - Brad Richardson wins face-off versus J.T. Compher in Predators zone.
6:29 of 3rd period - Colton Sceviour is hit by Oliver Ekman-Larsson.
7:01 of 3rd period - Tyler Myers is hit by Evgeny Kuznetsov and loses puck.
7:12 of 3rd period - Icing by Neal Pionk.
7:13 of 3rd period - Colton Sissons wins face-off versus Anthony Cirelli in Islanders zone.
7:14 of 3rd period - Shot by Kyle Connor.
7:14 of 3rd period - Goal by Kyle Connor - Islanders : 0 - Predators : 3.
7:15 of 3rd period - Colton Sissons wins face-off versus Elias Pettersson in neutral zone.
7:15 of 3rd period - Steven Stamkos is hit by Joe Pavelski and loses puck.
7:20 of 3rd period - Shot by Timo Meier.
7:20 of 3rd period - Shot Blocked by Darnell Nurse.
7:35 of 3rd period - Shot by Tyler Myers.
7:35 of 3rd period - Stopped by Jonathan Bernier without a rebound.
7:36 of 3rd period - Andrei Svechnikov wins face-off versus Evgeny Kuznetsov in Predators zone.
7:36 of 3rd period - Anthony DeAngelo is hit by Roman Josi and loses puck.
7:43 of 3rd period - Shot by Brock Boeser.
7:43 of 3rd period - Stopped by Jonathan Bernier without a rebound.
7:44 of 3rd period - Evgeny Kuznetsov wins face-off versus Anthony Cirelli in Predators zone.
8:19 of 3rd period - Shot by Evgeny Kuznetsov.
8:19 of 3rd period - Stopped by Igor Shesterkin without a rebound.
8:20 of 3rd period - Colton Sissons wins face-off versus Elias Pettersson in Islanders zone.
8:20 of 3rd period - Oliver Ekman-Larsson is hit by Ben Chiarot and loses puck.
8:23 of 3rd period - Shot by Colton Sissons.
8:23 of 3rd period - Stopped by Igor Shesterkin without a rebound.
8:24 of 3rd period - Elias Pettersson wins face-off versus Colton Sissons in Islanders zone.
8:35 of 3rd period - Shot by Steven Stamkos.
8:35 of 3rd period - Shot Blocked by Anthony DeAngelo.
8:41 of 3rd period - Oliver Ekman-Larsson is hit by Elias Pettersson and loses puck.
8:52 of 3rd period - Shot by Timo Meier.
8:52 of 3rd period - Deflect By Elias Pettersson.
8:52 of 3rd period - Shot Misses the Net.
8:54 of 3rd period - Shot by Ben Chiarot.
8:54 of 3rd period - Shot Misses the Net.
9:21 of 3rd period - Shot by Andrei Svechnikov.
9:21 of 3rd period - Stopped by Jonathan Bernier without a rebound.
9:22 of 3rd period - Brad Richardson wins face-off versus Evgeny Kuznetsov in Predators zone.
9:50 of 3rd period - Icing by Nick Holden.
9:51 of 3rd period - Brad Richardson wins face-off versus J.T. Compher in Islanders zone.
10:02 of 3rd period - Shot by Colton Sceviour.
10:02 of 3rd period - Shot Misses the Net.
10:34 of 3rd period - Shot by Andrei Svechnikov.
10:34 of 3rd period - Stopped by Jonathan Bernier without a rebound.
10:35 of 3rd period - Elias Pettersson wins face-off versus Evgeny Kuznetsov in Predators zone.
10:54 of 3rd period - Shot by Evgeny Kuznetsov.
10:54 of 3rd period - Stopped by Igor Shesterkin without a rebound.
10:55 of 3rd period - Steven Stamkos wins face-off versus Anthony Cirelli in Islanders zone.
12:04 of 3rd period - Shot by Timo Meier.
12:04 of 3rd period - Stopped by Jonathan Bernier without a rebound.
12:05 of 3rd period - Evgeny Kuznetsov wins face-off versus Brad Richardson in Predators zone.
12:12 of 3rd period - Richard Panik is hit by J.T. Miller and loses puck.
12:21 of 3rd period - Shot by Brad Richardson.
12:21 of 3rd period - Shot Misses the Net.
12:23 of 3rd period - Shot by Dennis Cholowski.
12:23 of 3rd period - Shot Misses the Net.
12:38 of 3rd period - Icing by Roman Josi.
12:39 of 3rd period - Joe Pavelski wins face-off versus Evgeny Kuznetsov in Predators zone.
12:50 of 3rd period - Shot by Elias Pettersson.
12:50 of 3rd period - Stopped by Jonathan Bernier with a rebound.
13:20 of 3rd period - Shot by Alex Tuch.
13:20 of 3rd period - Shot Misses the Net.
13:38 of 3rd period - Minor Penalty to J.T. Compher for Elbowing.
13:39 of 3rd period - Brock Boeser wins face-off versus Alexander Kerfoot in Predators zone.
13:40 of 3rd period - Shot by Neal Pionk.
13:40 of 3rd period - Stopped by Jonathan Bernier without a rebound.
13:41 of 3rd period - Anthony Cirelli wins face-off versus Colton Sissons in Predators zone.
14:34 of 3rd period - Icing by Joe Pavelski.
14:35 of 3rd period - J.T. Miller wins face-off versus Elias Pettersson in Islanders zone.
14:46 of 3rd period - Shot by J.T. Miller.
14:46 of 3rd period - Goal by J.T. Miller - Islanders : 0 - Predators : 4.
14:47 of 3rd period - Anthony Cirelli wins face-off versus Colton Sissons in neutral zone.
15:51 of 3rd period - Minor Penalty to Richard Panik for Hooking.
15:52 of 3rd period - Elias Pettersson wins face-off versus Kyle Connor in Islanders zone.
16:57 of 3rd period - Shot by Roman Josi.
16:57 of 3rd period - Shot Misses the Net.
17:09 of 3rd period - Shot by Steven Stamkos.
17:09 of 3rd period - Shot Misses the Net.
18:07 of 3rd period - Shot by Brad Richardson.
18:07 of 3rd period - Stopped by Jonathan Bernier without a rebound.
18:08 of 3rd period - Joe Pavelski wins face-off versus Alexander Kerfoot in Predators zone.
18:17 of 3rd period - Shot by Elias Pettersson.
18:17 of 3rd period - Shot Misses the Net.
18:19 of 3rd period - Shot by Travis Dermott.
18:19 of 3rd period - Shot Misses the Net.
18:23 of 3rd period - Shot by Joe Pavelski.
18:23 of 3rd period - Goal by Joe Pavelski - Islanders : 1 - Predators : 4.
18:24 of 3rd period - Brad Richardson wins face-off versus J.T. Compher in neutral zone.
18:56 of 3rd period - Off-side.
18:57 of 3rd period - Anthony Cirelli wins face-off versus Max Pacioretty in neutral zone.
19:13 of 3rd period - Evgeny Kuznetsov is hit by Neal Pionk and loses puck.
19:17 of 3rd period - Icing by Tyler Myers.
19:18 of 3rd period - Brock Boeser wins face-off versus Colton Sissons in Islanders zone.
19:58 of 3rd period - Steven Stamkos is hit by Anthony DeAngelo and loses puck.
Goals for this period are 1 for Islanders vs 2 for Predators.
Shots for this period are 14 for Islanders vs 6 for Predators.